 Dungeon Crawl Stone Soup version 0.31-a0-1068-g5939ac1fb6 (webtiles) character file.

Game seed: 4761119218293766098

139 Jannitor the Covert (level 5, -1/70 HPs)
             Began as a Gnoll Delver on Nov 24, 2023.
             Slain by Pikel
             ... wielding a +2 whip of electrocution
              (6 damage)
             ... on level 3 of the Dungeon.
             The game lasted 00:03:51 (2931 turns).

Jannitor the Covert (Gnoll Delver)                  Turns: 2931, Time: 00:03:52

Health: -1/70      AC: 22    Str: 10    XL:     5   Next: 22%
Magic:  7/7        EV:  2    Int: 10    God:
Gold:   154        SH:  0    Dex: 18    Spells: 6/6 levels left

rFire   . . .        d - +0 quarterstaff
rCold   . . .        (shield currently unavailable)
rNeg    . . .        i - melded +0 ring mail
rPois   +            (helmet currently unavailable)
rElec   .            t - melded scarf {shadows}
rCorr   .            n - melded +0 pair of gloves
SInv    .            (boots currently unavailable)
Will    .....        (no amulet)
Stlth   ++++         (no ring)
HPRegen 0.31/turn    (no ring)
MPRegen 0.10/turn

%: no passive effects
@: mighty, tree-form
A: stationary, stasis, torment immunity, boosted hp, (fangs 1), strong nose,
distributed training, agile 1
a: no special abilities


You were on level 3 of the Dungeon.
You were a tree.
You visited 1 branch of the dungeon, and saw 5 of its levels.

You collected 154 gold pieces.

Inventory:

Hand Weapons
 a - a +0 spear
 d - a +0 quarterstaff (weapon)
Missiles
 h - 6 javelins
Armour
 b - a +0 leather armour
 i - a +0 ring mail (melded)
 n - a +0 pair of gloves (melded)
 t - a scarf of shadows (melded)
Jewellery
 v - a ring of protection from cold
Talismans
 f - a flux talisman
Wands
 g - a wand of digging (2)
 u - a wand of roots (4)
Scrolls
 c - a scroll of fog
 e - 2 scrolls of fear
 l - a scroll of immolation {unknown}
 o - 2 scrolls of identify {unknown}
 r - 2 scrolls of poison {unknown}
 w - a scroll of enchant weapon {unknown}
Potions
 k - a potion of lignification
 q - a potion of enlightenment {unknown}
 s - a potion of invisibility {unknown}


   Skills:
 + Level 6.7 Fighting
 + Level 1.4 Short Blades
 + Level 1.4 Long Blades
 + Level 1.4 Axes
 + Level 1.4 Maces & Flails
 + Level 4.7 Polearms
 + Level 1.4 Staves
 + Level 1.4 Ranged Weapons
 + Level 1.4 Throwing
 + Level 1.4 Armour
 + Level 4.7 Dodging
 + Level 9.7 Stealth
 + Level 1.4 Shields
 + Level 1.4 Unarmed Combat
 + Level 1.4 Spellcasting
 + Level 1.1 Conjurations
 + Level 1.1 Hexes
 + Level 1.1 Summonings
 + Level 1.1 Necromancy
 + Level 1.1 Translocations
 + Level 1.1 Transmutations
 + Level 1.1 Fire Magic
 + Level 1.1 Ice Magic
 + Level 1.1 Air Magic
 + Level 1.1 Earth Magic
 + Level 1.1 Poison Magic
 + Level 1.6 Invocations
 + Level 1.4 Evocations
 + Level 1.3 Shapeshifting


You had 6 spell levels left.
You didn't know any spells.
Your spell library contained the following spells:

 Spells                   Type           Power      Damage    Failure   Level
 Magic Dart               Conj           12%        1d3       21%         1
 Searing Ray              Conj           6%         2d4       30%         2
 Fulminant Prism          Conj/Hex       1%         3d5       90%         4


Dungeon Overview and Level Annotations

Branches:
Dungeon (5/15)
 Temple: D:4-7

Altars:
Ru

Annotations:
D:3 Pikel
D:5 exclusions: adder and hound


Innate Abilities, Weirdness & Mutations

You are a tree.
Your roots penetrate the ground, keeping you stationary.
You cannot be teleported.
You are immune to unholy pain and torment.
Your maximum health is greatly increased.
Your equipment is partially melded.
((You have very sharp teeth.))
Your uncanny sense of smell can sniff out nearby items.
Your experience applies equally to all skills.
You are agile. (Dex +4, Str/Int -1)


Message History

Pikel hits you but does no damage.
You are electrocuted!
Unknown command.
You hit Pikel.
Pikel is lightly wounded.
The grasping roots constrict Pikel.
The grasping roots constrict the lemure.
The roots release their grip on Pikel.
Pikel completely misses you.
You closely miss Pikel.
Pikel is moderately wounded.
The grasping roots constrict the lemure.
The roots release their grip on the lemure.
Pikel hits you with a +2 whip of electrocution.
You feel better.
Pikel hits you with a +2 whip of electrocution!
Unknown command.
You closely miss Pikel.
Pikel is moderately wounded.
Pikel hits you but does no damage.
Press: ? - help, v - describe, . - travel
Here: Pikel, wielding a +2 whip of electrocution and wearing a +0 robe (moderately wounded)
A stone staircase leading up.
Unknown command.
You completely miss Pikel.
Pikel is moderately wounded.
Pikel hits you but does no damage.
Pikel hits you with a +2 whip of electrocution.
* * * LOW HITPOINT WARNING * * *
You closely miss Pikel.
Pikel is moderately wounded.
Pikel hits you but does no damage.
You are electrocuted!
* * * LOW HITPOINT WARNING * * *
Unknown command.
It was a potion of mutation.
You feel extremely strange.
You feel agile. Pikel hits you but does no damage.
It was a potion of might.
You feel very mighty all of a sudden.
Pikel hits you with a +2 whip of electrocution.
You die...
Pikel says, "Another soul for the market."

.#♣♣♣♣♣♣.........♣.♣ ♣..♣ ...♣
♣..#######.♣.♣ ♣.P♣ #### ##.##
#.♣.♣#####♣.P♣♣ ##.#.##
#.♣.♣...#.♣..P♣
######.###.#####.#..##.#.♣.P.♣
#....######.....#...##.#.♣♣P.♣
##..###..###.###.#####...♣♣..♣
#..## ##..#..# #.# ##..#♣.♣♣
....###......# #♣# #..##..#
.#...#...#...###K# ####..###.#
###...(.###...>.5###.....###.#
##._.## #####..#♣P.♣#......#
###.....#### #..♣PP.♣♣......#
.#...#...#.# #.♣♣..P♣♣♣####.#
....###....# #.♣.....♣ #.#
#..## ##..## #.♣♣P..P♣ #.#
##..###..## #.♣..P♣♣P #.#


You could see Pikel and a lemure.

Vanquished Creatures
  An orc wizard (D:3)
  5 adders
  2 dart slugs (D:1)
  5 ball pythons
  6 endoplasms
  3 giant cockroaches
  3 goblins
  10 hobgoblins
  4 jackals (D:1)
  2 kobolds
  3 quokkas
  8 bats
  2 frilled lizards
  3 rats
57 creatures vanquished.

Notes
Turn   | Place    | Note
-------+----------+-------------------------------------------
     0 | D:5      | Reached skill level 9 in Stealth
     0 | D:5      | Jannitor the Gnoll Delver began the quest for the Orb.
     0 | D:5      | Reached XP level 1. HP: 23/23 MP: 1/1
    12 | D:5      | Noticed a hound
    54 | D:5      | Reached XP level 2. HP: 28/29 MP: 2/2
   140 | D:5      | Noticed a howler monkey
   168 | D:4      | Noticed a lemure
   169 | D:4      | Noticed a lemure
   169 | D:4      | Noticed a lemure
   169 | D:4      | Noticed Pikel
   506 | D:1      | Reached XP level 3. HP: 35/35 MP: 3/3
   741 | D:1      | Reached skill level 1 in Invocations
  1400 | D:2      | Reached skill level 1 in Short Blades
  1400 | D:2      | Reached skill level 1 in Long Blades
  1400 | D:2      | Reached skill level 1 in Axes
  1400 | D:2      | Reached skill level 1 in Maces & Flails
  1400 | D:2      | Reached skill level 1 in Staves
  1400 | D:2      | Reached skill level 1 in Ranged Weapons
  1400 | D:2      | Reached skill level 1 in Throwing
  1400 | D:2      | Reached skill level 1 in Armour
  1400 | D:2      | Reached skill level 1 in Shields
  1400 | D:2      | Reached skill level 1 in Unarmed Combat
  1400 | D:2      | Reached skill level 1 in Spellcasting
  1400 | D:2      | Reached skill level 1 in Evocations
  1509 | D:2      | Reached XP level 4. HP: 34/41 MP: 5/5
  1515 | D:2      | Reached skill level 1 in Shapeshifting
  1911 | D:2      | Reached skill level 1 in Conjurations
  1911 | D:2      | Reached skill level 1 in Hexes
  1911 | D:2      | Reached skill level 1 in Summonings
  1911 | D:2      | Reached skill level 1 in Necromancy
  1911 | D:2      | Reached skill level 1 in Translocations
  1911 | D:2      | Reached skill level 1 in Transmutations
  1911 | D:2      | Reached skill level 1 in Fire Magic
  1911 | D:2      | Reached skill level 1 in Ice Magic
  1911 | D:2      | Reached skill level 1 in Air Magic
  1911 | D:2      | Reached skill level 1 in Earth Magic
  1911 | D:2      | Reached skill level 1 in Poison Magic
  2087 | D:3      | Found a sacrificial altar of Ru.
  2104 | D:3      | Reached XP level 5. HP: 47/47 MP: 5/7
  2310 | D:3      | Found a faded altar of an unknown god.
  2930 | D:3      | Gained mutation: You are agile. (Dex +4, Str/Int -1)
                  | [potion of mutation]
  2931 | D:3      | Slain by Pikel

Illustrated notes

Levels and vault maps discovered:
D:1:      saegor_arrival_simple_d, layout_loops_corners
D:2:      layout_basic
D:3:      layout_loops_ring, nicolae_ru_great_annihilating_truth,
          nicolae_ecumenical_snake_handling, serial_forest,
          infiniplex_forest_straight_2, infiniplex_forest_end_2,
          infiniplex_forest_straight_2, infiniplex_forest_pool,
          infiniplex_forest_zigzag_1, infiniplex_forest_lined_2, moated_statue,
          minmay_distorted
D:4:      minmay_chambers_of_fours, layout_cave_pools, fedhas_altar_fruit_tree,
          uniq_eustachio, uniq_crazy_yiuf_cottage, uniq_pikel, uniq_sigmund
D:5:      layout_loops_cross, chequers_temple_overflow_minitemple

Skill      XL: |  1  2  3  4 |
---------------+-------------+-----
Stealth        | |  9.7
Invocations    | 1 |  1.6
Short Blades   | 1 |  1.4
Long Blades    | 1 |  1.4
Axes           | 1 |  1.4
Maces & Flails | 1 |  1.4
Staves         | 1 |  1.4
Ranged Weapons | 1 |  1.4
Throwing       | 1 |  1.4
Armour         | 1 |  1.4
Shields        | 1 |  1.4
Unarmed Combat | 1 |  1.4
Spellcasting   | 1 |  1.4
Evocations     | 1 |  1.4
Shapeshifting  | 1 |  1.3
Conjurations   | 1 |  1.1
Hexes          | 1 |  1.1
Summonings     | 1 |  1.1
Necromancy     | 1 |  1.1
Translocations | 1 |  1.1
Transmutations | 1 |  1.1
Fire Magic     | 1 |  1.1
Ice Magic      | 1 |  1.1
Air Magic      | 1 |  1.1
Earth Magic    | 1 |  1.1
Poison Magic   | 1 |  1.1
Fighting       | |  6.7
Polearms       | |  4.7
Dodging        | |  4.7

Action                     |  1- 3 |  4- 6 || total
---------------------------+-------+-------++-------
  Melee: Spear             |    13 |       ||    13
         Punch             |     1 |       ||     1
         Quarterstaff      |    79 |    95 ||   174
         Bite              |     6 |     8 ||    14
  Evoke: Wand              |     1 |     1 ||     2
    Use: Potion            |     1 |     6 ||     7
         Scroll            |     1 |       ||     1
   Stab: Sleeping          |    15 |     9 ||    24
         Paralysed         |       |     1 ||     1
 Armour: Leather armour    |     7 |       ||     7
         Ring mail         |    47 |    47 ||    94
         Skin              |       |    16 ||    16
  Dodge: Dodged            |    45 |    64 ||   109

Table legend: (Time is in decaauts)
 A = Elapsed time spent in this place.
 B = Non-inter-level travel time spent in this place.
 C = Inter-level travel time spent in this place.
 D = Time resting spent in this place.
 E = Time spent auto-exploring this place.
 F = Levels seen in this place.
 G = Mean time per level.
                   A        B        C        D        E       F      G
               +--------+--------+--------+--------+--------+-----+--------+
         Total |   2953 |   2847 |    106 |      0 |   2210 |   5 |  590.6 |
       Dungeon |   2953 |   2847 |    106 |      0 |   2210 |   5 |  590.6 |
               +--------+--------+--------+--------+--------+-----+--------+

Top non-repeatable levels by time:
     D:1: 1001 daAuts
     D:3: 947 daAuts
     D:2: 809 daAuts
     D:5: 125 daAuts
     D:4: 70 daAuts
